AoeStats
← Ebrio

Arena

506289608Analyzed
4v4 RM · 20d ago on Sep 13, 2026· 65m 46s· 8 players
Game mode
Random Map
Map size
Large (8 player)
Population
200
Speed
Normal
Resources
Standard
Victory
Conquest
Starting age
Dark Age
Ending age
Imperial Age
RankedLock teamsTeams togetherTeam positionsShared explorationLock speedFull tech treeHidden civsTurbo modeCheats
Victory
Defeat
🇨🇱 Mongols · Chile
981
+14
🇨🇴 Malians · Colombia
934
+16
🇦🇷 Persians · Argentina
925
+16
🇦🇷 Khmer · Argentina
890
+18
🇨🇦 Wei · Canada
1008
-19
🇺🇸 Hindustanis · United States
954
-17
🇺🇸 Malay · United States
930
-16
🇧🇷 Mongols · Brazil
836
-12
the._.voice
5:47 Loom
9:57 Feudal Age
10:32 Double-Bit Axe
12:58 Wheelbarrow
19:25 Castle Age
20:51 Bow Saw
26:02 Gold Mining
30:33 Imperial Age
29:15 Hand Cart
29:00 Fletching
29:38 Bodkin Arrow
30:02 Elite Skirmisher
38:41 Husbandry
39:29 Bloodlines
40:32 Forging
40:27 Scale Barding Armor
42:20 Iron Casting
41:50 Scale Barding Armor
42:28 Gold Shaft Mining
43:13 Elite Steppe Lancer
45:47 Parthian Tactics
46:18 Chain Barding Armor
46:58 Blast Furnace
46:19 Chain Barding Armor
46:59 Blast Furnace
46:59 Thumb Ring
47:40 Heavy Cavalry Archer
50:58 Bracer
50:59 Padded Archer Armor
51:09 Light Cavalry
54:34 Chemistry
56:09 Caravan
58:35 Hussar
60:27 Horse Collar
64:48 Ballistics
cristianalarconcalderon
4:47 Loom
11:27 Feudal Age
15:52 Castle Age
14:51 Double-Bit Axe
19:10 Wheelbarrow
19:11 Bow Saw
20:26 Horse Collar
21:45 Hand Cart
23:58 Loom
24:45 Gold Mining
28:17 Stone Mining
29:06 Gold Shaft Mining
28:37 Heavy Plow
31:22 Imperial Age
29:18 Scale Mail Armor
30:03 Stone Shaft Mining
30:03 Forging
30:59 Squires
31:37 Chain Mail Armor
30:59 Pikeman
33:16 Iron Casting
32:48 Town Watch
32:52 Arson
34:08 Plate Mail Armor
33:36 Treadmill Crane
34:41 Fletching
35:07 Masonry
35:05 Farimba
35:11 Elite Gbeto
36:08 Murder Holes
36:55 Crop Rotation
38:56 Conscription
38:55 Town Patrol
39:51 Conscription
39:34 Bodkin Arrow
40:03 Ballistics
41:56 Scale Barding Armor
41:33 Cavalier
43:05 Husbandry
43:18 Bloodlines
43:30 Chain Barding Armor
45:11 Chemistry
44:50 Hoardings
45:35 Plate Barding Armor
45:34 Tigui
56:16 Architecture
Ebrio
0:52 Loom
12:29 Feudal Age
12:58 Double-Bit Axe
12:56 Horse Collar
16:31 Castle Age
16:18 Wheelbarrow
17:22 Bow Saw
17:14 Heavy Plow
30:03 Imperial Age
28:11 Gold Mining
29:57 Scale Barding Armor
30:02 Forging
30:21 Hand Cart
29:53 Cavalier
31:29 Gold Shaft Mining
30:47 Stone Mining
30:55 Town Watch
31:48 Bloodlines
31:40 Husbandry
31:55 Savar
33:11 Chain Barding Armor
38:47 Conscription
39:31 Plate Barding Armor
39:32 Iron Casting
39:48 Stone Shaft Mining
41:09 Kamandaran
41:33 Light Cavalry
42:45 Hussar
46:31 Blast Furnace
47:20 Caravan
48:45 Pikeman
49:22 Gambesons
49:37 Squires
49:23 Arson
49:42 Scale Mail Armor
49:45 Halberdier
51:08 Hoardings
51:15 Chain Mail Armor
55:00 Chemistry
54:11 Masonry
63:01 Plate Mail Armor
62:22 Fletching
63:05 Architecture
63:09 Crop Rotation
63:44 Two-Man Saw
65:42 Murder Holes
PNAL | Mark Max 77
10:23 Feudal Age
9:56 Loom
15:14 Castle Age
14:07 Double-Bit Axe
14:03 Horse Collar
16:02 Wheelbarrow
20:33 Town Watch
24:07 Hand Cart
24:04 Fletching
25:08 Bodkin Arrow
26:12 Forging
30:05 Imperial Age
29:58 Bloodlines
29:48 Husbandry
31:15 Ballistics
31:02 Siege Engineers
32:03 Chemistry
32:14 Gold Mining
35:55 Conscription
36:59 Bracer
37:13 Masonry
36:47 Cavalier
38:10 Scale Barding Armor
38:41 Iron Casting
38:02 Stone Mining
38:49 Gold Shaft Mining
38:34 Bow Saw
38:25 Heavy Plow
40:29 Chain Barding Armor
41:09 Blast Furnace
39:54 Light Cavalry
41:32 Hussar
44:50 Plate Barding Armor
Anipazronkin
0:29 Loom
16:10 Feudal Age
17:47 Wheelbarrow
20:10 Town Watch
20:48 Double-Bit Axe
22:13 Horse Collar
22:26 Stone Mining
23:04 Gold Mining
27:27 Castle Age
28:05 Hand Cart
27:51 Town Patrol
28:33 Bow Saw
29:04 Stone Shaft Mining
30:52 Gold Shaft Mining
30:21 Heavy Plow
40:21 Imperial Age
41:38 Crop Rotation
44:42 Forced Levy
45:03 Conscription
44:50 Squires
44:35 Arson
44:30 Sappers
44:24 Man-at-Arms
44:34 Pikeman
45:59 Long Swordsman
46:19 Halberdier
46:51 Two-Handed Swordsman
47:47 Two-Handed Swordsman
49:34 Sappers
50:24 Conscription
49:29 Elite Karambit Warrior
56:54 Forging
56:35 Fletching
CanineSteak5198
0:31 Loom
12:36 Feudal Age
18:04 Castle Age
16:05 Horse Collar
19:18 Stone Mining
19:23 Double-Bit Axe
20:03 Gold Mining
20:32 Bow Saw
20:41 Heavy Plow
22:43 Stone Shaft Mining
23:48 Town Watch
26:56 Wheelbarrow
27:05 Gold Shaft Mining
27:36 Forging
27:32 Scale Barding Armor
27:32 Grand Trunk Road
28:11 Fletching
28:23 Padded Archer Armor
31:26 Imperial Age
29:25 Hand Cart
31:56 Bodkin Arrow
33:10 Chemistry
32:46 Town Patrol
33:26 Conscription
33:07 Shatagni
33:25 Bracer
33:35 Thumb Ring
34:34 Leather Archer Armor
35:13 Iron Casting
35:32 Heavy Camel Rider
36:40 Bloodlines
37:02 Husbandry
37:50 Ring Archer Armor
37:22 Scale Mail Armor
37:42 Chain Barding Armor
37:40 Imperial Camel Rider
40:28 Blast Furnace
40:57 Plate Barding Armor
41:17 Chain Mail Armor
47:55 Squires
49:37 Light Cavalry
51:55 Hoardings
55:09 Coinage
54:23 Hussar
55:53 Murder Holes
56:09 Masonry
58:57 Caravan
58:43 Pikeman
Rage of Khorne
0:45 Loom
10:48 Feudal Age
11:27 Double-Bit Axe
11:24 Horse Collar
12:50 Wheelbarrow
13:03 Gold Mining
14:03 Stone Mining
19:48 Castle Age
21:14 Bow Saw
21:07 Heavy Plow
21:51 Gold Shaft Mining
22:30 Stone Shaft Mining
25:11 Hand Cart
30:50 Imperial Age
31:54 Imperial Age
30:38 Scale Barding Armor
30:44 Forging
30:25 Fletching
30:50 Tuntian
30:56 Squires
32:06 Chain Barding Armor
31:22 Pikeman
31:48 Arson
33:07 Conscription
34:03 Crop Rotation
34:20 Parthian Tactics
36:04 Halberdier
37:08 Bodkin Arrow
41:12 Chemistry
40:32 Ballistics
44:37 Scale Mail Armor
45:13 Iron Casting
44:53 Fortified Wall
53:22 Elite Skirmisher
54:07 Padded Archer Armor
54:26 Chain Mail Armor
54:12 Bracer
KatituWanted
0:35 Loom
10:42 Feudal Age
11:33 Double-Bit Axe
17:33 Castle Age
17:53 Wheelbarrow
26:33 Forging
31:06 Imperial Age
30:24 Gold Mining
44:53 Hand Cart
52:55 Elite Skirmisher
53:52 Fletching
54:03 Padded Archer Armor
56:51 Bodkin Arrow
57:11 Leather Archer Armor
60:29 Chemistry
60:48 Bracer
61:04 Leather Archer Armor
61:32 Ballistics
61:24 Masonry
Connection lost

Rejoining the realm…

Still unreachable

The connection could not be restored.

Session expired

The server has moved on; the page needs a fresh start.